 Dungeon Crawl Stone Soup version 0.30.1 (webtiles) character file.

Game seed: 11028823465160521951

54 monsoonserge the Slasher (level 4, -4/40 HPs)
             Began as a Meteoran Monk on July 12, 2023.
             Slain by Crazy Yiuf
             ... wielding a +3 quarterstaff of chaos
              (11 damage)
             ... on level 3 of the Dungeon.
             The game lasted 00:05:41 (911 turns).

monsoonserge the Slasher (Meteoran Monk)             Turns: 911, Time: 00:05:41

Health: -4/40      AC:  0    Str: 12    XL:     4   Next: 34%
Magic:  5/5        EV: 16    Int: 12    God:
Gold:   148        SH:  0    Dex: 18    Spells: 3/3 levels left

rFire   . . .        j - melded +1 dagger (drain)
rCold   . . .        d - melded orb {light}
rNeg    . . .        l - melded +0 leather armour
rPois   .            (helmet currently unavailable)
rElec   .            n - melded scarf {repulsion}
rCorr   .            (gloves currently unavailable)
SInv    .            (boots currently unavailable)
Will    .....        (no amulet)
Stlth   +            (ring currently unavailable)
HPRegen 0.26/turn    (ring currently unavailable)
MPRegen 0.09/turn

%: no passive effects
@: mighty, pig-form (expiring), glowing, very quick
A: fast, no casting, small, sense surroundings 1, otherworldly, glowing, explore
regen
a: no special abilities


You were on level 3 of the Dungeon.
You were a filthy swine.
You visited 1 branch of the dungeon, and saw 3 of its levels.

You collected 148 gold pieces.

Inventory:

Hand Weapons
 a - a +0 falchion
 j - a +1 dagger of draining (melded)
 o - a +0 longbow
Missiles
 q - 3 poisoned darts (quivered)
Armour
 b - a +0 robe
 d - an orb of light (melded)
 l - a +0 leather armour (melded)
 n - a scarf of repulsion (melded)
Magical Staves
 i - a staff of air
Jewellery
 f - an amulet of magic regeneration
Scrolls
 e - 4 scrolls of identify {unknown}
 g - a scroll of blinking {unknown}
 h - a scroll of amnesia {unknown}
 m - a scroll of vulnerability {unknown}
Potions
 c - 2 potions of ambrosia
 p - a potion of lignification {unknown}
 r - a potion of haste {unknown}


   Skills:
 + Level 4.0 Fighting
 + Level 0.4(2.4) Short Blades
 + Level 4.4 Long Blades
 + Level 0.6 Armour
 + Level 4.2 Dodging


You had 3 spell levels left.
You didn't know any spells.
Your spell library contained the following spells:

 Spells                   Type           Power      Damage    Failure   Level
 Necrotise                Necr           0%         1d4       32%         1
 Vampiric Draining        Necr           0%         2d6       69%         3
 Agony                    Necr           0%         N/A       100%        5


Dungeon Overview and Level Annotations

Branches:
Dungeon (3/15) Zot: 893

Altars:

Shops:
D:1 :

Annotations:
D:3 Crazy Yiuf


Innate Abilities, Weirdness & Mutations

You are a filthy swine.
You move quickly.
Your equipment is almost entirely melded.
You are incapable of wielding weapons or throwing items.
You cannot cast spells.
You passively map a small area around you.
You are easily found by Zot.
You glow in the dark.
You regain HP and MP as you explore.


Message History

Your scarf of repulsion melds into your body.
Your orb of light melds into your body.
Your +0 leather armour melds into your body.
The haze of the repulsion field disappears.
Crazy Yiuf hits you with a +3 quarterstaff of chaos!!
Crazy Yiuf freezes you!
There is an open translucent door, spattered with blood here.
You hit Crazy Yiuf.
Crazy Yiuf is lightly wounded.
You hit Crazy Yiuf.
Crazy Yiuf is lightly wounded.
Crazy Yiuf closely misses you.
You barely miss Crazy Yiuf.
Crazy Yiuf is lightly wounded.
Crazy Yiuf barely misses you.
You are a filthy swine.
You are glowing.
Your movement speed is very quick.
Your attack delay is about 0.9.
Your damage rating with unarmed combat is about 4 (Base [4 + 0 (UC)] x 105% (Str) x 106% (Fight)).
You barely miss Crazy Yiuf.
Crazy Yiuf is lightly wounded.
Crazy Yiuf closely misses you.
You barely miss Crazy Yiuf.
Crazy Yiuf is lightly wounded.
Your transformation is almost over.
Crazy Yiuf yells, "Snower snockshim high!"
Crazy Yiuf hits you with a +3 quarterstaff of chaos!
* * * LOW HITPOINT WARNING * * *
Crazy Yiuf freezes you.
* * * LOW HITPOINT WARNING * * *
It was a potion of might.
You feel very mighty all of a sudden. Crazy Yiuf misses you.
You hit Crazy Yiuf but do no damage.
Crazy Yiuf is lightly wounded.
Crazy Yiuf barely misses you.
You bite Crazy Yiuf!
Crazy Yiuf is severely wounded.
Crazy Yiuf laughs, "East sow leg!"
Crazy Yiuf hits you with a +3 quarterstaff of chaos!
You die...

# ## ##. #.. #..
######## #[. ####
###.#.P#.## #..
#...##..#.P....##
#..
#..gh.####PP....#
#.. #)..###
##P#...# ##. ####*
####..# ## #.## #
#.# # #.## # #..##
# #...## #
#############...###


You could see Crazy Yiuf.

Vanquished Creatures
  A worm (D:3)
  4 dart slugs
  4 endoplasms
  3 giant cockroaches
  4 goblins
  2 hobgoblins
  A quokka (D:3)
  6 ball pythons
  3 bats
  4 frilled lizards
  7 kobolds
  2 rats (D:2)
41 creatures vanquished.

Notes
Turn   | Place    | Note
-------+----------+-------------------------------------------
     0 | D:1      | monsoonserge the Meteoran Monk began the quest for the Orb.
     0 | D:1      | Reached XP level 1. HP: 19/19 MP: 2/2
    68 | D:1      | Found Yrualoch's Book Shoppe.
    78 | D:1      | Reached XP level 2. HP: 16/26 MP: 3/3
   202 | D:1      | Reached XP level 3. HP: 20/25 MP: 4/4
   665 | D:2      | Reached XP level 4. HP: 27/37 MP: 5/5
   765 | D:3      | Found a faded altar of an unknown god.
   898 | D:3      | Found a runed translucent door.
   899 | D:3      | Noticed Crazy Yiuf
   911 | D:3      | Slain by Crazy Yiuf

Illustrated notes

Levels and vault maps discovered:
D:1:      dpeg_arrival_arbitrary_a, layout_rooms, serial_shops,
          nicolae_shop_tiny_waterfront
D:2:      layout_loops_ring
D:3:      layout_rooms, hellmonk_ecumenical_altar_zigzags,
          uniq_crazy_yiuf_cottage

Skill      XL: |  1  2  3  4 |
---------------+-------------+-----
Long Blades    | 4 |  4.4
Dodging        | 4 |  4.2
Fighting       | 4 |  4.0
Short Blades   | |  0.4
Armour         | |  0.6

Action                     |  1- 3 |  4- 6 || total
---------------------------+-------+-------++-------
  Melee: Falchion          |    33 |       ||    33
         Dagger            |    43 |    25 ||    68
         Unarmed           |       |     7 ||     7
    Use: Potion            |       |     1 ||     1
 Armour: Robe              |    14 |       ||    14
         Leather armour    |    13 |     5 ||    18
  Dodge: Dodged            |    39 |    20 ||    59
